 Dungeon Crawl Stone Soup version 0.26.1-11-gd32895ea62 (webtiles) character file.

Game seed: 16888636068707975582

6258 Raikon the Cleaver (level 10, -2/89 (90) HPs)
             Began as a Minotaur Gladiator on May 31, 2021.
             Was a Believer of Nemelex Xobeh.
             Slain by an orc warrior
             ... wielding a +0 glaive
              (20 damage)
             ... on level 10 of the Dungeon.
             The game lasted 00:34:41 (12307 turns).

Raikon the Cleaver (Minotaur Gladiator)            Turns: 12307, Time: 00:34:42

HP:   -2/89 (90)    AC: 11    Str: 21    XL:     10   Next: 62%
MP:   14/14         EV: 13    Int:  5    God:    Nemelex Xobeh [**....]
Gold: 437           SH:  0    Dex: 13    Spells: 9/9 levels left

rFire    . . .     SeeInvis .   B - +0 battleaxe
rCold    . . .     Faith    .   (shield currently unavailable)
rNeg     + + .     Spirit   .   d - +1 scale mail {rPois}
rPois    +         Reflect  .   c - +0 hat
rElec    .         Harm     .   (no cloak)
rCorr    .         Rampage  .   S - +0 pair of gloves
Will     .....                  G - +0 pair of boots
Stlth    ..........             (no amulet)
HPRegen  0.24/turn              v - ring of positive energy
MPRegen  0.14/turn              n - ring of positive energy

@: lightly drained
A: retaliatory headbutt, horns 2
a: Renounce Religion, Draw Escape, Draw Destruction, Draw Summoning


You were on level 10 of the Dungeon.
You worshipped Nemelex Xobeh.
Nemelex Xobeh was pleased with you.
You visited 2 branches of the dungeon, and saw 11 of its levels.

You collected 437 gold pieces.

Inventory:

Hand Weapons
 a - a +0 war axe
 l - a +0 dagger
 r - a +4 dire flail
 B - a +0 battleaxe (weapon)
 R - the cursed +3 hunting sling "Souss" {vorpal, rN+ Str+5, unknown}
   (You found it on level 9 of the Dungeon)

   Any stone fired from it inflicts extra damage.
   It affects your strength (+5).
   It protects you from negative energy.
   It has a curse placed upon it.
 U - a +0 shortbow
Missiles
 i - 101 sling bullets
 m - 133 arrows
 o - 3 throwing nets
 p - 3 javelins
 u - 11 poisoned darts
 w - 9 boomerangs
Armour
 b - a +0 leather armour
 c - a +0 hat (worn)
 d - a +1 scale mail of poison resistance (worn)
 k - a +1 pair of boots
 C - a +0 plate armour
 G - a +0 pair of boots (worn)
 S - a +0 pair of gloves (worn)
Jewellery
 f - an uncursed ring of wizardry
 n - a ring of positive energy (right hand)
 v - a ring of positive energy (left hand)
Wands
 q - a wand of polymorph (14)
 s - a wand of flame (9) (quivered)
 z - a wand of random effects (31)
 E - a wand of iceblast (15)
Scrolls
 h - a scroll of fog
 j - a scroll of remove curse
 t - a scroll of magic mapping
 x - a scroll of blinking {unknown}
 y - 2 scrolls of silence {unknown}
 D - 2 scrolls of identify
 I - a scroll of brand weapon {unknown}
 J - a scroll of vulnerability {unknown}
 L - 2 scrolls of noise {unknown}
 N - a scroll of enchant weapon {unknown}
 O - a scroll of amnesia
 T - a scroll of random uselessness {unknown}
Potions
 e - a potion of ambrosia
 g - 2 potions of degeneration
 A - a potion of flight
 F - a potion of invisibility
 K - a potion of mutation
 P - a potion of curing


   Skills:
 + Level 8.8 Fighting
 - Level 12.0 Axes
 - Level 2.1 Throwing
 - Level 8.0 Armour
 - Level 6.0 Dodging
 - Level 7.0 Invocations


You had 9 spell levels left.
You didn't know any spells.
Your spell library was empty.

Dungeon Overview and Level Annotations

Branches:
Dungeon (10/15)            Temple (1/1) D:5
   Lair: D:8-11         Orc: D:9-12

Altars:
Ashenzari
Cheibriados
Dithmenos
Elyvilon
Fedhas
Gozag
Hepliaklqana
Kikubaaqudgha
Makhleb
Nemelex Xobeh
Okawaru
Qazlal
Ru
Sif Muna
Trog
Uskayaw
Vehumet
Wu Jian
Xom
Yredelemnul
Zin
The Shining One

Shops:
D:8 *

Annotations:
D:2 Sigmund
D:9 Gastronok
D:10 Josephine


Innate Abilities, Weirdness & Mutations

You reflexively headbutt those who attack you in melee.
You have a pair of horns on your head.


Message History

The orc priest barely misses you. You furiously retaliate!
You headbutt the orc priest, but do no damage.
You closely miss the orc warrior.
You hit the orc priest but do no damage.
You hear the loud creaking of a portcullis nearby.
The orc priest invokes the aid of Beogh against you.
Pain shoots through your body!
The orc warrior hits you with a +0 glaive!
You barely miss the orc warrior. Your headbutt misses the orc warrior.
You hit the orc priest.
The orc priest calls down the wrath of Beogh upon you.
Beogh smites you!
The orc warrior hits you with a +0 glaive!
* * * LOW HITPOINT WARNING * * *
You barely miss the orc warrior.
You hit the orc priest but do no damage.
The orc priest barely misses you.
The orc warrior hits you with a +0 glaive!!
You die...
Your body glows with a rainbow of weird colours and disappears.

### #.# ########.#
#....oo@.#
#.######o###############
#.............†..
################# # ###
#.. #.# #.#


You could see an orc warrior, an orc priest and an orc.

Vanquished Creatures
  Joseph (D:8)
  A vampire (D:9)
  A wyvern (D:10)
  A fire bat (D:8)
  2 water moccasins
  Edmund (D:5)
  4 orc warriors
  4 sky beasts
  2 black bears
  2 ogres
  A phantom (D:5)
  An ice beast (D:5)
  4 necrophages
  A wolf (D:8)
  A centaur (D:10)
  Blork the orc (D:5)
  An elf zombie (D:8)
  3 bullfrogs
  A wyvern skeleton (D:6)
  2 scorpions
  12 killer bees
  2 wights
  A vampire bat (D:8)
  3 howler monkeys
  A quasit (D:7)
  4 hounds
  A gnoll shaman (D:6)
  3 jellies
  2 bullfrog skeletons
  5 orc priests
  4 iguanas
  Terence (D:2)
  4 human zombies (D:8)
  A human skeleton (D:8)
  13 orc wizards
  7 worker ants
  A hound zombie (D:6)
  2 hound skeletons
  2 mummies (D:8)
  Robin (D:3)
  35 gnolls
  4 adders
  A shadow imp (D:6)
  2 white imps
  An ufetubus (D:8)
  An ooze (D:1)
  4 adder skeletons
  An adder zombie (D:7)
  3 worms
  2 dart slugs
  5 leopard geckos
  39 orcs
  3 ball pythons
  A bat zombie (D:8)
  6 giant cockroaches
  14 goblins
  7 hobgoblins
  23 jackals
  6 kobolds
  6 quokkas
  12 bats
  6 frilled lizards
  A giant cockroach zombie (D:6)
  2 jackal skeletons (D:9)
  A leopard gecko skeleton (D:6)
  A quokka skeleton (D:6)
  A quokka zombie (D:6)
  7 rats
  2 rat zombies (D:8)
302 creatures vanquished.

Vanquished Creatures (collateral kills)
  Grum (D:8)
  2 wolves (D:8)
3 creatures vanquished.

Vanquished Creatures (others)
  3 plants (D:5)
3 creatures vanquished.

Grand Total: 308 creatures vanquished

Notes
Turn   | Place    | Note
-------+----------+-------------------------------------------
     0 | D:1      | Raikon the Minotaur Gladiator began the quest for the Orb.
     0 | D:1      | Reached XP level 1. HP: 18/18 MP: 0/0
    71 | D:1      | Reached skill level 4 in Axes
    71 | D:1      | Reached XP level 2. HP: 18/25 MP: 1/1
   642 | D:2      | Noticed Sigmund
   935 | D:2      | Reached XP level 3. HP: 30/30 MP: 2/2
   977 | D:2      | Noticed Terence
   998 | D:2      | Killed Terence
   999 | D:2      | Reached skill level 5 in Axes
  1486 | D:2      | Found a stormy altar of Qazlal.
  1662 | D:2      | Reached XP level 4. HP: 37/37 MP: 3/3
  1885 | D:3      | Noticed Robin
  1900 | D:3      | Killed Robin
  1901 | D:3      | Reached skill level 6 in Axes
  2317 | D:3      | Found a hide-covered altar of Uskayaw.
  2336 | D:3      | Reached XP level 5. HP: 42/42 MP: 4/4
  2394 | D:3      | Found a radiant altar of Vehumet.
  2647 | D:4      | Reached skill level 7 in Axes
  2976 | D:4      | Found a sacrificial altar of Ru.
  3049 | D:4      | Reached XP level 6. HP: 19/50 MP: 5/5
  3311 | D:4      | Reached skill level 8 in Axes
  3331 | D:4      | Found a glowing silver altar of Zin.
  3524 | D:4      | Reached skill level 1 in Armour
  3982 | D:5      | Entered Level 5 of the Dungeon
  3989 | D:5      | Found a staircase to the Ecumenical Temple.
  4005 | Temple   | Entered the Ecumenical Temple
  4096 | Temple   | Became a worshipper of Nemelex Xobeh the Trickster
  4183 | D:5      | Reached XP level 7. HP: 53/59 MP: 6/6
  4229 | D:5      | Found a burning altar of Makhleb.
  4715 | D:5      | Noticed Blork the orc
  4719 | D:5      | Noticed Edmund
  4741 | D:5      | Killed Edmund
  4876 | D:5      | Killed Blork the orc
  5019 | D:5      | Found a burning altar of Makhleb.
  5056 | D:5      | Reached skill level 5 in Fighting
  5056 | D:5      | Reached XP level 8. HP: 34/69 MP: 10/10
  5622 | D:5      | Reached skill level 9 in Axes
  6179 | D:6      | Reached skill level 10 in Axes
  6205 | D:6      | Reached skill level 5 in Armour
  6512 | D:6      | Reached * piety under Nemelex Xobeh
  6927 | D:6      | Received a gift from Nemelex Xobeh
  6944 | D:6      | Found a hazy altar of Hepliaklqana.
  7017 | D:6      | Reached XP level 9. HP: 75/79 MP: 11/11
  7540 | D:7      | Received a gift from Nemelex Xobeh
  7568 | D:7      | Reached skill level 11 in Axes
  8007 | D:7      | You fall into a shaft and drop 2 floors!
  8007 | D:9      | Reached ** piety under Nemelex Xobeh
  8017 | D:9      | Reached skill level 5 in Invocations
  8132 | D:9      | Noticed Gastronok
  8252 | D:8      | Found Datwehel's General Store.
  8451 | D:8      | Reached skill level 12 in Axes
  8842 | D:8      | Noticed Grum
  8851 | D:8      | Killed Grum
  9020 | D:8      | Reached XP level 10. HP: 64/88 MP: 13/13
  9206 | D:8      | Noticed Maggie
  9208 | D:8      | Noticed Maggie
  9208 | D:8      | Maggie changed into Maggie the sky beast
  9215 | D:8      | Killed Maggie the sky beast
  9216 | D:8      | Reached skill level 5 in Dodging
  9218 | D:8      | Noticed Joseph
  9434 | D:8      | Killed Joseph
  9481 | D:8      | Found an ancient bone altar of Kikubaaqudgha.
  9669 | D:8      | Found a basalt altar of Yredelemnul.
 10084 | D:8      | Found a bloodstained altar of Trog.
 10367 | D:7      | Found a shimmering altar of Xom.
 10437 | D:7      | Found the +8 demon trident "Rift" {distort, reach+}
 10680 | D:7      | Found an iron altar of Okawaru.
 11598 | D:9      | Got an ancient hunting sling
 11761 | D:10     | Entered Level 10 of the Dungeon
 12097 | D:10     | Noticed Josephine
 12307 | D:10     | Slain by an orc warrior

Illustrated notes

Levels and vault maps discovered:
D:1:      lightli_arrival_lavapool, layout_rooms
D:2:      layout_loops_corners, nicolae_qazlal_eye_of_the_storm,
          grunt_decor_mini_mirrors, kennysheep_potato, uniq_sigmund,
          uniq_terence
D:3:      layout_basic, overflow_temple_1_default, general_overflow_altar,
          st_stairs_11, uniq_robin
D:4:      layout_loops_ring, zin_academy, nicolae_overflow_hidden_temple,
          minmay_misc_feat_x
D:5:      lemuel_castle_with_subvaults [lemuel_castle_interior_carwin_2],
          layout_basic, makhleb_heckhound_becter, minmay_temple_entry_grid,
          basic_altar, uniq_blork_the_orc, uniq_edmund
D:6:      layout_loops_ring, nzn_hepliaklqana_mist_gate, grunt_ministairs_8,
          minmay_increasing_density
D:7:      layout_basic, lemuel_crystal_altar, lemuel_coloured_pillars_altar,
          moated_statue
D:8:      layout_basic, bloody_trog, lemuel_zombie_altar_kikubaaqudgha,
          lemuel_mausoleum_altar_yredelemnul, serial_shops, shop,
          roderic_batcave, grunt_ministairs_14, uniq_maggie, uniq_grum,
          uniq_joseph
D:9:      kennysheep_big_flooded_room, layout_basic, uniq_gastronok
D:10:     layout_basic, lair_entry_dummy, enter_bailey_5, uniq_josephine,
          uniq_nergalle, uniq_erolcha
Temple:   zaba_magenta_temple

Skill      XL: |  1  2  3  4  5  6  7  8  9 10 |
---------------+-------------------------------+-----
Axes           | 4 5 6 7 8 10 12 | 12.0
Fighting       | 4 5 7 8 |  8.8
Armour         | 3 4 6 8 |  8.0
Invocations    | 4 6 7 |  7.0
Dodging        | 4 6 |  6.0
Throwing       | |  2.1

Action                   |  1- 3 |  4- 6 |  7- 9 | 10-12 || total
-------------------------+-------+-------+-------+-------++-------
Melee: War axe           |    66 |   135 |    70 |       ||   271
       Headbutt          |    12 |    30 |    68 |    32 ||   142
       Battleaxe         |       |       |   278 |   169 ||   447
Throw: Throwing net      |     3 |       |       |       ||     3
Invok: Draw Destruction  |       |       |     8 |     4 ||    12
       Draw Summoning    |       |       |     1 |       ||     1
Evoke: Wand              |       |     2 |     7 |     5 ||    14
  Use: Scroll            |       |     3 |     9 |     8 ||    20
       Potion            |       |       |     5 |     1 ||     6
Armor: Leather armour    |     8 |       |       |       ||     8
       Scale mail        |    10 |    63 |   113 |    38 ||   224
       Plate armour      |       |       |   109 |    72 ||   181
Dodge: Dodged            |    69 |    79 |   261 |   105 ||   514
